 Dungeon Crawl Stone Soup version 0.28.0-53-g5a82cb258f (webtiles) character file.

Game seed: 6126843904344703616

2685 NotreDorf the Nimble (level 9, -5/72 HPs)
             Began as a Merfolk Gladiator on Aug 2, 2022.
             Slain by a two-headed ogre
             ... wielding a +0 giant club
              (25 damage)
             ... on level 6 of the Dungeon.
             The game lasted 00:20:25 (6384 turns).

NotreDorf the Nimble (Merfolk Gladiator)            Turns: 6384, Time: 00:20:26

Health: -5/72      AC:  5    Str: 15    XL:     9   Next: 64%
Magic:  9/9        EV: 17    Int: 10    God:
Gold:   233        SH:  0    Dex: 19    Spells: 8/8 levels left

rFire   . . .      SeeInvis .   k - +10 long sword "Ultimatum" {freeze, *Noise rElec Int+3}
rCold   + . .      Faith    .   (no shield)
rNeg    . . .      Spirit   .   f - +1 leather armour "Ilos" {rC+ Slay+3}
rPois   .          Reflect  .   g - +0 helmet
rElec   +          Harm     .   o - scarf {repulsion}
rCorr   .          Rampage  .   (no gloves)
Will    .....                   (no boots)
Stlth   ++++......              (no amulet)
HPRegen 0.22/turn               (no ring)
MPRegen 0.11/turn               (no ring)

@: repel missiles
A: (nimble swimmer 2), mertail
a: no special abilities


You were on level 6 of the Dungeon.
You visited 1 branch of the dungeon, and saw 6 of its levels.

You collected 233 gold pieces.

Inventory:

Hand Weapons
 a - a +0 trident
 k - the +10 long sword "Ultimatum" (weapon) {freeze, *Noise rElec Int+3}
   (You found it on level 2 of the Dungeon)

   It freezes those it strikes, dealing additional cold damage.
   It can also slow down cold-blooded creatures.
   Int:       It affects your intelligence (+3).
   rElec:     It insulates you from electricity.
   *Noise:    It may make noises in combat.
 q - a +7 dagger of flaming
Armour
 f - the +1 leather armour "Ilos" (worn) {rC+ Slay+3}
   (You found it on level 4 of the Dungeon)

   Slay:      It affects your accuracy & damage with ranged weapons and melee
   (+3).
   rC:        It protects you from cold.
 g - a +0 helmet (worn)
 o - a scarf of repulsion (worn)
Jewellery
 h - an amulet of faith
Wands
 p - a wand of acid (13)
Scrolls
 c - 2 scrolls of enchant weapon
 d - 3 scrolls of teleportation {unknown}
 i - 2 scrolls of noise {unknown}
 l - a scroll of torment {unknown}
 n - a scroll of magic mapping {unknown}
 r - a scroll of vulnerability {unknown}
 s - 3 scrolls of amnesia {unknown}
Potions
 b - a potion of attraction {unknown}
 e - 3 potions of lignification
 j - a potion of ambrosia
 m - 2 potions of heal wounds {unknown}
 t - a potion of haste {unknown}


   Skills:
 + Level 7.3 Fighting
 + Level 6.6 Long Blades
 - Level 5.1 Polearms
 - Level 2.0 Throwing
 + Level 9.3 Dodging
 + Level 7.5 Stealth


You had 8 spell levels left.
You didn't know any spells.
Your spell library contained the following spells:

 Spells                   Type           Power      Damage    Failure   Level
 Ensorcelled Hibernation  Hex/Ice        0%         N/A       56%         2
 Passwall                 Tmut/Erth      0%         N/A       56%         2
 Swiftness                Air            0%         N/A       80%         3


Dungeon Overview and Level Annotations

Branches:
Dungeon (6/15)
 Temple: D:4-7

Altars:
Ashenzari
Elyvilon
Gozag
Wu Jian

Annotations:
D:5 1 runed translucent door, LustLizard's ghost, amateur MiBe


Innate Abilities, Weirdness & Mutations

((You are very nimble when in or above water. (Stealth+, EV+, Speed+++)))
Your lower body shifts to a powerful aquatic tail in water.


Message History

You slash the orc wizard! You freeze the orc wizard.
You kill the orc wizard!
The orc barely misses you.
You slash the wyvern zombie!
You destroy the wyvern zombie!
The orc hits you from afar with a +0 trident.
The orc closely misses you.
Items here: $ )) [ ††.
You slash the orc! You freeze the orc.
You kill the orc!
Things that are here:
a +0 trident; a +0 chain mail; an orc corpse
Things that are here:
a +0 trident; a +0 chain mail; an orc corpse You now have 233 gold pieces (gained 12).
Items here: )) [ ††.
Found a chain mail.
The centaur shoots an arrow.
The arrow closely misses you.
The centaur shoots an arrow.
The arrow closely misses you.
The centaur unwields a +0 shortbow.
The centaur closely misses you. The centaur kicks you. The centaur misses you.
The centaur kicks you but does no damage.
You slice the centaur!! You freeze the centaur.
The centaur is almost dead.
The centaur hits you. The centaur kicks you.
You slash the centaur! You freeze the centaur.
You kill the centaur!
Things that are here:
a +0 shortbow; 20 arrows; a centaur corpse A two-headed ogre comes into view.
It is wielding two +0 giant clubs.
The two-headed ogre shouts in stereo!
You slash the two-headed ogre! You freeze the two-headed ogre.
The two-headed ogre is moderately wounded.
The two-headed ogre hits you with a +0 giant club!! x2
* * * LOW HITPOINT WARNING * * *
You hit the two-headed ogre. You freeze the two-headed ogre.
The two-headed ogre is moderately wounded.
The two-headed ogre barely misses you.
The two-headed ogre hits you with a +0 giant club!!
You die...

#. #.)# #####...... ## #.
#..####.....#.##. .####
#. ##..##...#####.##.
....# #.##........# #.###
###.##### #..#........#
##.##.
#(....######..........#
#..##.
#####>.)..............#
#.###. #
####...#........).# #.#
#. ######
###.##..O@.......# #.# #)
.....###....#.#.........#
#.# #.
.....#...)..#.#.........#
#[# #.
.................##..####
#.# #.
......##)...##.#.###.###
#.# #. .....# #....##[#.#
#...# #.###. #.#..#
#....##.#.# ###.# ##.##..
....###.>).#..#.. #.#
#..##.# .##........#.###.
#.# #.##..#


You could see a two-headed ogre.

Vanquished Creatures
  2 slime creatures (D:5)
  Sigmund (D:4)
  A water moccasin (D:4)
  2 black bears
  A necrophage (D:5)
  4 ogres
  3 phantoms
  3 centaurs
  2 kobold brigands (D:5)
  A wyvern zombie (D:6)
  2 scorpions (D:5)
  A centaur zombie (D:6)
  5 jellies
  A centaur skeleton (D:5)
  An orc priest (D:4)
  2 hounds (D:4)
  Jessica (D:2)
  Ijyb (D:5)
  4 orc wizards
  4 adders
  6 gnolls (D:3)
  3 ufetubi
  2 worms
  A dart slug (D:4)
  13 orcs
  8 ball pythons
  17 endoplasms
  3 giant cockroaches
  9 hobgoblins
  4 jackals (D:4)
  12 kobolds
  4 quokkas
  4 bats
  7 frilled lizards
  5 goblins
  2 rats
142 creatures vanquished.

Vanquished Creatures (others)
  3 fungi (D:5)
  46 plants (D:4)
  11 toadstools (D:5)
60 creatures vanquished.

Grand Total: 202 creatures vanquished

Notes
Turn   | Place    | Note
-------+----------+-------------------------------------------
     0 | D:1      | NotreDorf the Merfolk Gladiator began the quest for the
                  | Orb.
     0 | D:1      | Reached XP level 1. HP: 16/16 MP: 1/1
   170 | D:1      | Reached XP level 2. HP: 23/23 MP: 2/2
   265 | D:1      | Reached skill level 1 in Stealth
   576 | D:1      | Found a faded altar of an unknown god.
   829 | D:2      | Reached XP level 3. HP: 24/28 MP: 3/3
   914 | D:2      | Noticed Jessica
   920 | D:2      | Killed Jessica
   921 | D:2      | Reached skill level 5 in Polearms
  1059 | D:2      | Identified the +10 long sword "Ultimatum" {freeze, *Noise
                  | rElec Int+3}
  1134 | D:2      | Reached XP level 4. HP: 31/35 MP: 4/4
  1876 | D:3      | Reached skill level 1 in Long Blades
  1878 | D:3      | Reached skill level 5 in Dodging
  1888 | D:3      | Found an opulent altar of Gozag.
  1895 | D:3      | Reached XP level 5. HP: 20/41 MP: 5/5
  2363 | D:3      | Found a broken altar of Ashenzari.
  3199 | D:4      | Reached XP level 6. HP: 48/48 MP: 6/6
  3304 | D:4      | Identified the +1 leather armour "Ilos" {rC+ Slay+3}
  3346 | D:4      | Noticed Sigmund
  3356 | D:4      | Killed Sigmund
  3357 | D:4      | Reached skill level 6 in Dodging
  3357 | D:4      | Reached XP level 7. HP: 30/55 MP: 7/7
  3527 | D:4      | Found a white marble altar of Elyvilon.
  4401 | D:4      | Found an ornate altar of the Wu Jian Council.
  4412 | D:4      | Reached skill level 5 in Fighting
  4646 | D:5      | Entered Level 5 of the Dungeon
  4653 | D:4      | Reached skill level 7 in Dodging
  4653 | D:4      | Reached skill level 5 in Stealth
  4653 | D:4      | Reached XP level 8. HP: 30/62 MP: 8/8
  4812 | D:5      | Found a runed translucent door.
  4812 | D:5      | Noticed LustLizard's ghost (amateur MiBe)
  5170 | D:5      | Noticed Ijyb
  5179 | D:5      | Killed Ijyb
  5180 | D:5      | Reached skill level 5 in Long Blades
  5235 | D:5      | Reached skill level 8 in Dodging
  5326 | D:5      | Noticed a slime creature
  5326 | D:5      | Noticed a slime creature
  5359 | D:5      | Killed a slime creature
  5360 | D:5      | Reached XP level 9. HP: 59/71 MP: 9/9
  5367 | D:5      | HP: 3/71 [slime creature (18)]
  6157 | D:6      | Reached skill level 9 in Dodging
  6377 | D:6      | Noticed a two-headed ogre
  6384 | D:6      | Slain by a two-headed ogre

Illustrated notes

Levels and vault maps discovered:
D:1:      mainiacjoe_arrival_reflecting_pool, layout_rooms,
          dilly_ecumenical_altar_fadedgnrine, serial_park_tiny_pond
D:2:      layout_loops_ring, minivault_27, uniq_jessica
D:3:      layout_basic, grunt_gozag_statues, mainiacjoe_overflow_cross_hatched,
          hangedman_feature_mirror, minmay_statues_item
D:4:      layout_rooms, nicolae_elyvilon_temple_path,
          nicolae_wu_jian_glorious_leap, serial_bayou, serial_bayou_lagoon_a,
          serial_bayou_shore_a, serial_bayou_crossing, serial_bayou_lagoon_b,
          serial_bayou_shore_b, serial_bayou_pond_e, nrook_loot_triangle,
          kennysheep_opposing_triangles, uniq_sigmund
D:5:      cheibrodos_fertilizer, layout_rooms, hellmonk_ghost_happy_afterlife,
          uniq_ijyb
D:6:      layout_rooms, trog_hazing_becter

Skill      XL: |  1  2  3  4  5  6  7  8  9 |
---------------+----------------------------+-----
Stealth        | 1 2 3 5 6 7 |  7.5
Polearms       | 5 |  5.1
Fighting       | 3 4 5 6 7 |  7.3
Long Blades    | 1 2 3 4 5 6 |  6.6
Dodging        | 5 6 7 8 9 |  9.3
Throwing       | |  2.0

Action                   |  1- 3 |  4- 6 |  7- 9 || total
-------------------------+-------+-------+-------++-------
Melee: Trident           |    95 |       |       ||    95
       Long sword        |     1 |    92 |   150 ||   243
       Tailslap          |       |       |     1 ||     1
       Punch             |       |       |     1 ||     1
Throw: Throwing net      |       |     2 |     1 ||     3
Evoke: Wand              |       |       |     2 ||     2
  Use: Scroll            |       |     5 |       ||     5
 Stab: Sleeping          |     4 |     3 |     4 ||    11
       Held in net/web   |       |     1 |     2 ||     3
       Distracted        |       |       |     1 ||     1
Armor: Leather armour    |    17 |    23 |    37 ||    77
Dodge: Dodged            |    58 |    81 |   123 ||   262
